 Dungeon Crawl Stone Soup version 0.32-a0-818-gb728d0252e (webtiles) character file.

Game seed: 16135348445313632844

19 AstroCodex24 the Trooper (level 2, -18/23 (24) HPs)
             Began as a Vampire Fighter on Mar 23, 2024.
             Demolished by an ogre
             ... wielding a +0 giant club
              (29 damage)
             ... on level 4 of the Dungeon.
             The game lasted 00:01:53 (355 turns).

AstroCodex24 the Trooper (Vampire Fighter)           Turns: 355, Time: 00:01:53

HP:   -18/23 (24)   AC:  6    Str: 15    XL:     2   Next: 55%
MP:   2/2           EV:  7    Int: 10    God:
Gold: 11            SH:  4    Dex: 13    Spells: 1/1 levels left

rFire   . . .        a - +0 war axe
rCold   . . .        c - +0 buckler
rNeg    . . .        b - +0 scale mail
rPois   .            (no helmet)
rElec   .            (no cloak)
rCorr   .            (no gloves)
SInv    +            (no boots)
Will    .....        (no amulet) Stlth
                     (no ring)
HPRegen 0.43/turn    (no ring)
MPRegen 0.08/turn

%: no passive effects
@: healing quickly, lightly drained
A: alive, fangs 3, see invisible, vampiric 1
a: Exsanguinate


You were on level 4 of the Dungeon.
You visited 1 branch of the dungeon, and saw 4 of its levels.

You collected 11 gold pieces.

Inventory:

Hand Weapons
 a - a +0 war axe (weapon)
Armour
 b - a +0 scale mail (worn)
 c - a +0 buckler (worn)
Scrolls
 e - a scroll of brand weapon {unknown}
 f - a scroll of amnesia {unknown}
 g - 3 scrolls of enchant armour {unknown}
 h - a scroll of revelation {unknown}
 i - a scroll of identify {unknown}
Potions
 d - a potion of might
 j - a potion of berserk rage {unknown}


   Skills:
 + Level 3.0 Fighting
 + Level 2.1 Axes
 + Level 2.5 Armour
 + Level 2.9 Shields


You had one spell level left.
You didn't know any spells.
Your spell library contained the following spells:

 Spells                   Type           Power      Damage    Failure   Level
 Slow                     Hex            0%         N/A       89%         1
 Confusing Touch          Hex            0%         N/A       99%         3
 Vampiric Draining        Necr           0%         2d6       99%         3


Dungeon Overview and Level Annotations

Branches:
Dungeon (4/15)
 Temple: D:4-7

Altars:


Innate Abilities, Weirdness & Mutations

Your natural rate of healing is accelerated.
You have razor-sharp teeth.
You have supernaturally acute eyesight. (SInv)
You are afflicted with vampirism.


Message History

Found a scroll labelled RIONIG YTEAPOY.
The orc shouts!
You hear a shout!
An orc comes into view.
It is wielding a +1 flail of protection.
The orc shouts!
An orc comes into view. It is wielding a +1 whip of draining.
An orc comes into view. It is wielding a +0 club.
You closely miss the orc. The orc hits you with a +0 whip.
The orc hits you but does no damage.
You closely miss the orc. You block the orc's attack.
You slash the orc!
You kill the orc!
The orc hits you with a +1 flail of protection.
You slash the orc!
You kill the orc!
You closely miss the orc. The orc barely misses you.
The orc hits you with a +1 whip of draining.
You feel drained.
You slash the orc!
You kill the orc!
An ogre comes into view. It is wielding a +0 giant club.
Your Fighting skill increases to level 3!
The ogre shouts!
You hear an angry hiss.
Items here: ))) †.
An adder comes into view.
You slash the ogre!
The ogre is moderately wounded.
The ogre closely misses you.
You hit the ogre. Your bite misses the ogre.
The ogre is heavily wounded.
The ogre closely misses you.
You barely miss the ogre. You bite the ogre.
The ogre is severely wounded.
The ogre hits you with a +0 giant club!
Ouch! That really hurt!
An orc comes into view. It is wielding a +0 mace.
You hit the ogre.
The ogre is severely wounded.
The ogre hits you with a +0 giant club!!
Ouch! That really hurt!
You die...

..#.#.##.# .........# ..
..#.#.#.o# ## #.
.........###.>. ..
..#.#.......... #.
#........[.?..# #.
.......o.####.# #.
..#...SO## #.
#.########@###############.
#..........................
#..#######)###############.
# ##.### #< #....# ##
####.# .# . ##


You could see an ogre, an adder and 2 orcs.

Vanquished Creatures
  A dart slug (D:2)
  A ribbon worm (D:2)
  3 orcs (D:4)
  A ball python (D:2)
  An endoplasm (D:2)
  2 hobgoblins
  A bat (D:3)
  A frilled lizard (D:3)
  A rat (D:2)
12 creatures vanquished.

Notes
Turn   | Place    | Note
-------+----------+-------------------------------------------
     0 | D:1      | AstroCodex24 the Vampire Fighter began the quest for the
                  | Orb.
     0 | D:1      | Reached XP level 1. HP: 17/17 MP: 1/1
   200 | D:2      | Reached XP level 2. HP: 23/23 MP: 2/2
   348 | D:4      | Noticed an ogre
   349 | D:4      | Reached skill level 3 in Fighting
   355 | D:4      | Demolished by an ogre

Illustrated notes

Levels and vault maps discovered:
D:1:      lightli_arrival_statue_moat, layout_loops_ring, minmay_tetromino_l4
D:2:      layout_loops_ring, uniq_terence
D:3:      wad_crossroads, layout_loops_ring, nicolae_gozag_zags_fifth_avenue,
          serial_shops, shop, uniq_robin, uniq_ijyb, uniq_grinder
D:4:      layout_basic, eino_small_chamber_without_monster,
          chequers_serial_rivers_small_b

Skill      XL: |  1  2 |
---------------+-------+-----
Axes           | 2 |  2.1
Fighting       | 3 |  3.0
Armour         | |  2.5
Shields        | |  2.9

Action                     || total
---------------------------++-------
  Melee: War axe           ||    35
         Bite              ||     5
 Armour: Scale mail        ||    35
  Dodge: Dodged            ||     9
  Block: Buckler           ||     6

Table legend: (Time is in decaauts)
 A = Elapsed time spent in this place.
 B = Non-inter-level travel time spent in this place.
 C = Inter-level travel time spent in this place.
 D = Time resting spent in this place.
 E = Time spent auto-exploring this place.
 F = Levels seen in this place.
 G = Mean time per level.
                   A        B        C        D        E       F      G
               +--------+--------+--------+--------+--------+-----+--------+
         Total |    369 |    363 |      6 |      0 |      0 |   4 |   92.2 |
       Dungeon |    369 |    363 |      6 |      0 |      0 |   4 |   92.2 |
               +--------+--------+--------+--------+--------+-----+--------+

Top non-repeatable levels by time:
     D:2: 187 daAuts
     D:1: 64 daAuts
     D:4: 60 daAuts
     D:3: 57 daAuts
